 Dungeon Crawl Stone Soup version 0.21.1-1-g345015fe64 (webtiles) character file.

536 Htamos the Magician (level 7, -1/46 HPs)
             Began as a Mummy Necromancer on July 15, 2018.
             Shot with an arrow by a centaur (10 damage)
             ... on level 6 of the Dungeon on July 16, 2018.
             The game lasted 00:18:52 (6115 turns).

Htamos the Magician (Mummy Necromancer)             Turns: 6115, Time: 00:18:53

Health: -1/46      AC:  7    Str: 11    XL:     7   Next: 4%
Magic:  0/18       EV: 12    Int: 16    God:
Gold:   120        SH:  0    Dex: 13    Spells: 15/21 levels left

rFire    x . .     SeeInvis .   g - +0 dagger
rCold    + . .     Gourm    .   (no shield)
rNeg     + + +     Faith    .   i - +2 robe {rN+}
rPois    ∞         Spirit   .   (no helmet)
rElec    .         Reflect  .   (no cloak)
rCorr    .         Harm     .   d - +2 pair of gloves
MR       .....                  (no boots)
Stlth    ++........             (no amulet)
HPRegen  0.15/turn              (no ring)
MPRegen  0.16/turn              (no ring)

@: no status effects
A: no food or potions, fire vulnerability, cold resistance 1, negative energy
resistance 3, torment resistance, unbreathing
a: no special abilities


You were on level 6 of the Dungeon.
You were not hungry.

You visited 1 branch of the dungeon, and saw 6 of its levels.

You collected 120 gold pieces.

Inventory:

Hand Weapons
 g - a +0 dagger (weapon)
Armour
 a - a +0 robe
 d - a +2 pair of gloves (worn)
 h - a +1 scale mail of positive energy
 i - a +2 robe of positive energy (worn)
Wands
 j - a wand of paralysis (12)
 k - a wand of random effects (84)
Scrolls
 c - a scroll of remove curse
 e - 2 scrolls of blinking
 f - a scroll of amnesia
 l - a scroll of random uselessness
 o - a scroll of identify
Books
 b - a book of Necromancy

   Spells                             Type                      Level
   a - Pain                           Necromancy                   1
   b - Animate Skeleton               Necromancy                   1
   c - Vampiric Draining              Necromancy                   3
   d - Regeneration                   Charms/Necromancy            3
   e - Animate Dead                   Necromancy                   4
   f - Borgnjor's Vile Clutch         Necromancy/Earth             5
 m - a book of Misfortune

   Spells                             Type                      Level
   a - Confusing Touch                Hexes                        1
   b - Confuse                        Hexes                        3
   c - Gell's Gravitas                Translocation                3
   d - Petrify                        Transmutation/Earth          4
   e - Metabolic Englaciation         Hexes/Ice                    5
   f - Yara's Violent Unravelling     Hexes/Transmutation          5


   Skills:
 - Level 1.5 Dodging
 - Level 1.5 Stealth
 * Level 7.8 Spellcasting
 + Level 5.8 Necromancy


You had 15 spell levels left.
You knew the following spells:

 Your Spells              Type           Power        Failure   Level  Hunger
a - Pain                  Necr           ####         1%          1    N/A
b - Animate Skeleton      Necr           N/A          1%          1    N/A
c - Vampiric Draining     Necr           ####......   3%          3    N/A
d - Confusing Touch       Hex            #.....       12%         1    N/A

Dungeon Overview and Level Annotations

Branches:
Dungeon (6/15)
 Temple: D:4-7

Altars:
Sif Muna
Uskayaw
Yredelemnul

Annotations:
D:3 phoenix381's ghost, amateur DEWz
D:4 Tali's ghost, novice MiFi


Innate Abilities, Weirdness & Mutations

You do not eat or drink.
Your flesh is vulnerable to fire.
You are immune to poison.
Your flesh is cold resistant. (rC+)
You are immune to negative energy. (rN+++)
You are immune to unholy pain and torment.
You can survive without breathing.


Message History

Press: ? - help, Shift-Dir - straight line, f/p - crimson imp
Aim: a crimson imp (moderately wounded)
The crimson imp easily resists.
The crimson imp closely misses you.
Evoke which item? (* to show all) (? for menu, Esc to quit)
Aiming: Random Effects
Press: ? - help, Shift-Dir - straight line, f/p - crimson imp
Aim: a crimson imp (moderately wounded)
The crimson imp flickers and vanishes!
Deactivating autopickup; reactivate with Ctrl-A.
The centaur wields a shortbow.
The centaur shoots an arrow.
The arrow hits you.
* * * LOW HITPOINT WARNING * * *
Casting: Vampiric Draining
Confirm with . or Enter, or press ? or * to list all spells.
Aiming: Pain
Press: ? - help, Shift-Dir - straight line, f - centaur
Aim: a centaur, wielding a shortbow (heavily wounded, poisoned, chance to defeat MR: 84%)
The centaur writhes in agony!
* * * LOW MAGIC WARNING * * *
The centaur shoots an arrow.
The arrow hits you!
You die...

#.# . #########
#..###. #........
##...#. #........
#...... #......
#...... ##.....
>..##....<.
#..)c##.##.........
#.)./........#.##.$
#.@..# ### ... ##.
####.# ###. # # #.
Z. .# .


You could see a centaur.

Vanquished Creatures
  An ice beast (D:5)
  A centaur (D:5)
  A gnoll shaman (D:6)
  Jessica (D:3)
  Natasha (thrice) (D:3)
  Ijyb (D:3)
  3 worker ants (D:4)
  4 adders
  A shadow imp (D:5)
  3 worms
  3 dart slugs
  4 orcs
  4 bats
  13 giant cockroaches
  3 goblins
  7 hobgoblins
  6 jackals
  4 quokkas
  A ball python (D:1)
  3 frilled lizards
  A giant cockroach zombie (D:6)
  5 kobolds
  7 rats
80 creatures vanquished.

Vanquished Creatures (collateral kills)
  A dart slug (D:2)
1 creature vanquished.

Grand Total: 81 creatures vanquished

Notes
Turn   | Place    | Note
-------+----------+-------------------------------------------
     0 | D:1      | Htamos the Mummy Necromancer began the quest for the Orb.
     0 | D:1      | Reached XP level 1. HP: 13/13 MP: 4/4
    78 | D:1      | Reached skill level 3 in Spellcasting
    81 | D:1      | Learned a level 1 spell: Animate Skeleton
   470 | D:1      | Reached XP level 2. HP: 19/19 MP: 3/6
  1648 | D:3      | Reached skill level 4 in Spellcasting
  1648 | D:3      | Reached XP level 3. HP: 24/24 MP: 4/8
  1949 | D:3      | Noticed phoenix381's ghost (amateur DEWz)
  2326 | D:3      | Reached XP level 4. HP: 15/30 MP: 1/10
  2604 | D:3      | Noticed Jessica
  2672 | D:4      | Noticed a phantom
  2714 | D:3      | Killed Jessica
  2714 | D:3      | Reached skill level 5 in Spellcasting
  2985 | D:3      | Noticed Natasha
  2998 | D:3      | Killed Natasha
  3026 | D:3      | Reached XP level 5. HP: 8/35 MP: 0/13
  3370 | D:3      | Noticed Ijyb
  3376 | D:3      | Killed Ijyb
  3512 | D:3      | Noticed Natasha
  3517 | D:3      | Killed Natasha
  3517 | D:3      | Reached skill level 6 in Spellcasting
  3517 | D:3      | Reached skill level 5 in Necromancy
  3856 | D:3      | Noticed Natasha
  3863 | D:3      | Killed Natasha
  4162 | D:4      | Found a basalt altar of Yredelemnul.
  4234 | D:4      | Learned a level 3 spell: Vampiric Draining
  4310 | D:4      | Reached XP level 6. HP: 36/41 MP: 2/15
  5188 | D:4      | Noticed Tali's ghost (novice MiFi)
  5531 | D:4      | Found a basalt altar of Yredelemnul.
  5587 | D:5      | Entered Level 5 of the Dungeon
  5590 | D:5      | Found a hide-covered altar of Uskayaw.
  5653 | D:5      | Noticed an ice beast
  5662 | D:5      | Killed an ice beast
  5662 | D:5      | Reached skill level 7 in Spellcasting
  5979 | D:6      | Found a deep blue altar of Sif Muna.
  5992 | D:6      | Learned a level 1 spell: Confusing Touch
  6107 | D:6      | Reached XP level 7. HP: 12/46 MP: 0/18
  6115 | D:6      | Shot with an arrow by a centaur

Skill      XL: |  1  2  3  4  5  6 |
---------------+-------------------+-----
Spellcasting   | 3 4 5 6 7 |  7.8
Necromancy     | 5 |  5.8
Dodging        | |  1.5
Stealth        | |  1.5

Action                   |  1- 3 |  4- 6 |  7- 9 || total
-------------------------+-------+-------+-------++-------
Melee: Dagger            |    38 |   345 |       ||   383
 Cast: Pain              |    91 |    90 |     1 ||   182
       Animate Skeleton  |    10 |    11 |       ||    21
       Vampiric Draining |       |    15 |     1 ||    16
       Confusing Touch   |       |     7 |       ||     7
Evoke: Wand              |       |       |     7 ||     7
  Use: Scroll            |       |     7 |       ||     7
 Stab: Sleeping          |     1 |     1 |       ||     2
Armor: Robe              |    16 |   134 |       ||   150
       Scale mail        |       |    43 |       ||    43
Dodge: Dodged            |    26 |   246 |     6 ||   278
